 Dungeon Crawl Stone Soup version 0.28-a0-823-gb444dcf96d (webtiles) character file.

Game seed: 15504471032787141513

968 graki42 the Ruffian (level 7, -1/67 HPs)
             Began as a Troll Berserker on Nov 9, 2021.
             Was a Priest of Trog.
             Slain by a black bear (4 damage)
             ... on level 5 of the Dungeon.
             The game lasted 00:06:50 (2813 turns).

graki42 the Ruffian (Troll Berserker)               Turns: 2813, Time: 00:06:54

Health: -1/67      AC:  6    Str: 27    XL:     7   Next: 93%
Magic:  6/6        EV: 10    Int:  4    God:    Trog [***...]
Gold:   212        SH:  0    Dex:  9    Spells: 6/6 levels left

rFire   . . .      SeeInvis .     - Unarmed
rCold   . . .      Faith    .   (no shield)
rNeg    + . .      Spirit   .   n - +1 robe of the Farmer {Harm +Inv rN+}
rPois   .          Reflect  .   (helmet restricted)
rElec   .          Harm     +   g - +0 cloak
rCorr   .          Rampage  .   (gloves unavailable)
Will    ++...                   (boots unavailable)
Stlth   +.........              (no amulet)
HPRegen 2.21/turn               (no ring)
MPRegen 0.10/turn               (no ring)

@: marked, strong-willed, on berserk cooldown, regenerating, slowed, very slow
A: large, unfitting armour, claws 3, regeneration 1, shaggy fur 1, tough skin 1
a: Renounce Religion, Evoke Invisibility, Berserk, Trog's Hand


You were on level 5 of the Dungeon.
You worshipped Trog.
Trog was most pleased with you.
You visited 1 branch of the dungeon, and saw 5 of its levels.

You collected 212 gold pieces.

Inventory:

Missiles
 m - 2 throwing nets (quivered)
Armour
 g - a +0 cloak (worn)
 n - the +1 robe of the Farmer (worn) {Harm +Inv rN+}
   (You found it on level 4 of the Dungeon)

   rN:        It protects you from negative energy.
   +Inv:      It lets you turn invisible.
   Harm:      It increases damage dealt and taken.
Jewellery
 o - a ring of see invisible
Scrolls
 b - a scroll of teleportation {unknown}
 c - a scroll of amnesia {unknown}
 d - 4 scrolls of identify {unknown}
 f - a scroll of enchant weapon {unknown}
 h - a scroll of torment {unknown}
 j - a scroll of vulnerability {unknown}
Potions
 a - 2 potions of lignification {unknown}
 e - a potion of berserk rage {unknown}
 i - 2 potions of mutation {unknown}
 k - a potion of curing {unknown}
 l - a potion of flight {unknown}


   Skills:
 + Level 3.3 Fighting
 + Level 4.3 Dodging
 + Level 1.5 Stealth
 + Level 7.6 Unarmed Combat


You had 6 spell levels left.
You didn't know any spells.
Your spell library contained the following spells:

 Spells                   Type           Power      Damage    Failure   Level
 Animate Skeleton         Necr           0%         N/A       50%         1
 Apportation              Tloc           0%         N/A       50%         1
 Magic Dart               Conj           0%         1d3       50%         1
 Summon Small Mammal      Summ           0%         N/A       50%         1
 Searing Ray              Conj           0%         2d4       65%         2
 Gell's Gravitas          Tloc           0%         N/A       86%         3
 Lesser Beckoning         Tloc           0%         N/A       86%         3
 Portal Projectile        Hex/Tloc       0%         N/A       86%         3
 Teleport Other           Tloc           0%         N/A       86%         3
 Fulminant Prism          Conj/Hex       0%         3d6       99%         4
 Blade Hands              Tmut           0%         N/A       100%        5
 Excruciating Wounds      Necr           0%         N/A       100%        5


Dungeon Overview and Level Annotations

Branches:
Dungeon (5/15)
 Temple: D:4-7

Altars:
Uskayaw

Shops:
D:4 !   D:5 (((

Annotations:
D:5 Duvessa


Innate Abilities, Weirdness & Mutations

You are too large for most types of armour.
You have claws for hands.
Your natural rate of healing is unusually fast.
You are covered in fur. (AC +1)
You have tough skin. (AC +1)


Message History

You claw the gnoll shaman!
The gnoll shaman is severely wounded.
The gnoll shaman hits you with a +0 club!
The gnoll shaman hits you with a +0 club.
You mangle the gnoll shaman!!
You kill the gnoll shaman!
Trog accepts your kill. The black bear barely misses you.
The black bear claws you. The black bear closely misses you.
The gnoll hits you from afar with a +0 halberd.
You barely miss the black bear. You claw the black bear.
The black bear is lightly wounded.
The black bear bites you but does no damage.
The black bear claws you but does no damage. x2
The gnoll hits you from afar with a +0 halberd!
* * * LOW HITPOINT WARNING * * *
You claw the black bear!
The black bear is heavily wounded.
The black bear bites you.
* * * LOW HITPOINT WARNING * * *
The black bear barely misses you. The black bear claws you.
* * * LOW HITPOINT WARNING * * *
The gnoll barely misses you.
Your skin crawls.
You feel strong-willed. The black bear closely misses you.
The black bear barely misses you.
The black bear claws you but does no damage.
The gnoll barely misses you. The gnoll closely misses you.
The black bear bites you.
* * * LOW HITPOINT WARNING * * *
The black bear claws you.
* * * LOW HITPOINT WARNING * * *
The black bear completely misses you.
You barely miss the black bear.
The black bear is heavily wounded.
Duvessa, Sister of Dowan comes into view.
She is wielding a +0 short sword.
The black bear bites you.
* * * LOW HITPOINT WARNING * * *
The black bear barely misses you. The black bear claws you.
You die...

#.# ... .. ..# #.# #.# ....
..# #.# #.# ... ..# #.# #.#
#####.###.# #.# #.#
..........# #.# #.###
..........# #.#####....
.........g########..........
..∩.....ggh@................
........sg###########.......
......†.e.# #########.##.#.#
......).....................
..........###########.#..#..
..........# #.#..#.#
..........# #.#..#.#
.....###... #.#...<. .....
#...# #.###..#


You could see Duvessa, a black bear, a scorpion and 4 gnolls.

Vanquished Creatures
  Edmund (D:5)
  An acid dragon (D:5)
  A black bear (D:5)
  An ice beast (D:5)
  Blork the orc (D:5)
  A water moccasin skeleton (D:4)
  A centaur zombie (D:5)
  A bullfrog zombie (D:5)
  An orc priest (D:4)
  A hound (D:5)
  A gnoll shaman (D:5)
  2 iguanas
  Terence (D:2)
  An orc wizard (D:4)
  A hound skeleton (D:4)
  2 gnolls
  8 adders
  A worm (D:3)
  6 dart slugs
  6 orcs
  9 ball pythons
  7 endoplasms
  3 giant cockroaches
  6 hobgoblins
  A kobold (D:1)
  2 quokkas
  6 bats
  4 frilled lizards
  6 goblins
  7 rats
90 creatures vanquished.

Notes
Turn   | Place    | Note
-------+----------+-------------------------------------------
     0 | D:1      | graki42 the Troll Berserker began the quest for the Orb.
     0 | D:1      | Reached XP level 1. HP: 22/22 MP: 0/0
    95 | D:1      | Reached XP level 2. HP: 29/29 MP: 1/1
   395 | D:1      | Reached XP level 3. HP: 36/36 MP: 2/2
   632 | D:1      | Reached ** piety under Trog
   776 | D:2      | Noticed Terence
   781 | D:2      | Killed Terence
   829 | D:2      | Reached XP level 4. HP: 44/44 MP: 3/3
  1458 | D:3      | Found a faded altar of an unknown god.
  1530 | D:3      | Reached skill level 4 in Unarmed Combat
  1554 | D:3      | Found a hide-covered altar of Uskayaw.
  1943 | D:4      | Reached XP level 5. HP: 51/53 MP: 4/4
  2060 | D:4      | Reached skill level 5 in Unarmed Combat
  2063 | D:4      | Reached *** piety under Trog
  2068 | D:4      | Reached XP level 6. HP: 61/61 MP: 5/5
  2102 | D:4      | Found Coadghew's Distillery.
  2162 | D:4      | Identified the +1 robe of the Farmer {Harm +Inv rN+}
  2407 | D:5      | Entered Level 5 of the Dungeon
  2407 | D:5      | Noticed an acid dragon
  2416 | D:5      | Killed an acid dragon
  2417 | D:5      | Reached skill level 1 in Stealth
  2417 | D:5      | Reached skill level 6 in Unarmed Combat
  2420 | D:5      | Noticed Blork the orc
  2428 | D:5      | Killed Blork the orc
  2429 | D:5      | Reached XP level 7. HP: 54/67 MP: 6/6
  2470 | D:5      | Noticed Edmund
  2483 | D:5      | Killed Edmund
  2668 | D:5      | Found Kud Mitt's Antique Weapon Boutique.
  2708 | D:5      | Found Akkad's Antique Weapon Boutique.
  2782 | D:5      | Found Usifoo's Weapon Boutique.
  2784 | D:5      | Reached skill level 7 in Unarmed Combat
  2813 | D:5      | Noticed Duvessa
  2813 | D:5      | HP: 3/67 [black bear (6)]
  2813 | D:5      | Slain by a black bear

Illustrated notes

Levels and vault maps discovered:
D:1:      nzn_arrival_water_spiral, layout_basic
D:2:      layout_basic, uniq_terence
D:3:      layout_basic, lemuel_tele_altar,
          hellmonk_ecumenical_altar_inner_sanctum
D:4:      layout_basic, serial_shops, nicolae_lakefront_shop
D:5:      layout_basic, serial_shops, shop,
          nicolae_shop_competitors_out_of_business, nicolae_square_shop,
          nicolae_shop_statue_plus, st_stairs_14, uniq_duvessa,
          uniq_blork_the_orc, uniq_edmund

Skill      XL: |  1  2  3  4  5  6  7 |
---------------+----------------------+-----
Dodging        | 3 4 |  4.3
Unarmed Combat | 4 5 6 7 |  7.6
Fighting       | 3 |  3.3
Stealth        | 1 |  1.5

Action                   |  1- 3 |  4- 6 |  7- 9 || total
-------------------------+-------+-------+-------++-------
Melee: Unarmed           |    56 |   139 |    48 ||   243
       Punch             |     1 |     2 |     3 ||     6
Invok: Berserk           |       |     2 |     2 ||     4
       Trog's Hand       |       |       |     1 ||     1
 Stab: Sleeping          |     1 |     1 |     1 ||     3
Armor: Animal skin       |    19 |    35 |       ||    54
       Robe              |       |     9 |    16 ||    25
Dodge: Dodged            |    31 |    60 |    22 ||   113

Table legend: (Time is in decaauts)
 A = Elapsed time spent in this place.
 B = Non-inter-level travel time spent in this place.
 C = Inter-level travel time spent in this place.
 D = Time resting spent in this place.
 E = Time spent auto-exploring this place.
 F = Levels seen in this place.
 G = Mean time per level.
                   A        B        C        D        E       F      G
               +--------+--------+--------+--------+--------+-----+--------+
         Total |   2823 |   2737 |     86 |     28 |   2090 |   5 |  564.6 |
       Dungeon |   2823 |   2737 |     86 |     28 |   2090 |   5 |  564.6 |
               +--------+--------+--------+--------+--------+-----+--------+

Top non-repeatable levels by time:
     D:1: 781 daAuts
     D:3: 566 daAuts
     D:2: 541 daAuts
     D:4: 514 daAuts
     D:5: 420 daAuts
